 Seeded DCSS version 0.28.0-53-g5a82cb258f (webtiles) character file.

Game seed: 12646791263056600687 (custom seed)

131211 purpskrrrp the Impaler (level 16, -10/106 HPs)
             Began as a Demonspawn Fighter on July 25, 2022.
             Was an Initiate of Gozag.
             Hit by a javelin thrown by a merfolk javelineer (20 damage)
             ... on level 1 of the Shoals.
             The game lasted 02:07:08 (30058 turns).

purpskrrrp the Impaler (Demonspawn Fighter)        Turns: 30058, Time: 02:07:09

Health: -10/106    AC: 24    Str: 23    XL:     16   Next: 54%
Magic:  16/16      EV: 12    Int: 16    God:    Gozag
Gold:   2182       SH: 20    Dex: 18    Spells: 15/15 levels left

rFire   + + .      SeeInvis .   G - +9 lance "Wyrmbane" {slay drac, rPois rF+ rC+ AC+3}
rCold   + + .      Faith    .   C - +5 kite shield {rN+}
rNeg    + . .      Spirit   .   g - +0 ring mail "Vagrur" {Int+3 Slay+3}
rPois   +          Reflect  .   (helmet unavailable)
rElec   .          Harm     .   Z - +0 cloak "Xoqemu" {rC+}
rCorr   +          Rampage  .   X - +0 pair of gloves of Absence {Will++}
Will    ++++.                   M - +2 pair of boots
Stlth   +.........              f - amulet of the Thistle {Acrobat Dex+4 Slay+3}
HPRegen 0.27/turn               o - ring of Leaves {rCorr AC+4 Str-5 Slay+2}
MPRegen 0.15/turn               n - ring "Plog" {rF+ Str+6 Slay+5}

@: gold aura, studying Armour, very slow
A: hooves 2, horns 3, demonic guardian 2, icemail 1, condensation shield,
weakness stinger 1, clever 1, frail 1, strong-willed 1, wild magic 1
a: Renounce Religion, Potion Petition, Call Merchant, Bribe Branch


You were on level 1 of the Shoals.
You worshipped Gozag.
Gozag was most pleased with you.
You visited 8 branches of the dungeon, and saw 28 of its levels.
You also visited: Ossuary and Gauntlet.

You collected 8963 gold pieces.
You spent 3694 gold pieces at shops.
You paid 3087 gold pieces to Gozag.

Inventory:

Hand Weapons
 G - the +9 lance "Wyrmbane" (weapon) {slay drac, rPois rF+ rC+ AC+3}
   (You found it on level 9 of the Dungeon)

   It inflicts extra damage against dragons and draconians.
   AC:        It affects your AC (+3).
   rF:        It protects you from fire.
   rC:        It protects you from cold.
   rPois:     It protects you from poison.
 K - the +9 dagger "Ufae" {flame, rPois rF+++ Will+ Int-5}
   (You found it on level 9 of the Dungeon)

   It burns those it strikes, dealing additional fire damage.
   Int:       It affects your intelligence (-5).
   rF:        It renders you almost immune to fire.
   rPois:     It protects you from poison.
   Will:      It increases your willpower.
Missiles
 p - 38 poisoned darts
 y - 4 throwing nets
Armour
 g - the +0 ring mail "Vagrur" (worn) {Int+3 Slay+3}
   (You found it on level 2 of the Dungeon)

   Int:       It affects your intelligence (+3).
   Slay:      It affects your accuracy & damage with ranged weapons and melee
   (+3).
 C - a +5 kite shield of positive energy (worn)
 M - a +2 pair of boots (worn)
 X - the +0 pair of gloves of Absence (worn) {Will++}
   (You acquired it in a Gauntlet)

   Will:      It greatly increases your willpower.
 Z - the +0 cloak "Xoqemu" (worn) {rC+}
   (You found it in a Gauntlet)

   rC:        It protects you from cold.
Jewellery
 b - the ring of Urchefoz {+Blink Dex+6}
   (You found it on level 4 of the Lair of Beasts)

   [ring of dexterity]

   Dex:       It affects your dexterity (+6).
   +Blink:    It lets you blink.
 e - a ring of magical power
 f - the amulet of the Thistle (around neck) {Acrobat Dex+4 Slay+3}
   (You acquired it on level 4 of the Dungeon)

   [amulet of the acrobat]

   It increases your evasion while moving and waiting.
   Dex:       It affects your dexterity (+4).
   Slay:      It affects your accuracy & damage with ranged weapons and melee
   (+3).
 j - the amulet "Mot Coli" {Spirit rElec rPois Stlth-}
   (You found it on level 6 of the Lair of Beasts)

   [amulet of guardian spirit]

   It causes incoming damage to be divided between your reserves of health and
   magic.
   rElec:     It insulates you from electricity.
   rPois:     It protects you from poison.
   Stlth:     It makes you less stealthy.
 k - a ring of flight
 n - the ring "Plog" (right hand) {rF+ Str+6 Slay+5}
   (You acquired it on level 5 of the Dungeon)

   [ring of strength]

   Str:       It affects your strength (+6).
   Slay:      It affects your accuracy & damage with ranged weapons and melee
   (+5).
   rF:        It protects you from fire.
 o - the ring of Leaves (left hand) {rCorr AC+4 Str-5 Slay+2}
   (You bought it in a shop on level 1 of the Shoals)

   [ring of protection]

   AC:        It affects your AC (+4).
   Str:       It affects your strength (-5).
   Slay:      It affects your accuracy & damage with ranged weapons and melee
   (+2).
   rCorr:     It protects you from acid and corrosion.
 t - a +4 ring of protection
 v - a +4 ring of evasion
 H - a ring of ice
 V - a +4 ring of evasion
 W - a +6 ring of strength
Wands
 m - a wand of digging (8)
 w - a wand of flame (25)
 x - a wand of acid (1)
 z - a wand of iceblast (1)
 F - a wand of paralysis (13)
 O - a wand of charming (7)
 S - a wand of mindburst (8) (quivered)
Scrolls
 a - 2 scrolls of summoning
 c - 3 scrolls of fog
 h - 4 scrolls of amnesia
 s - 7 scrolls of teleportation
 I - 14 scrolls of identify
 J - 3 scrolls of brand weapon
 L - 4 scrolls of magic mapping
 N - a scroll of fear
 Q - 2 scrolls of enchant weapon
 T - a scroll of silence
Potions
 d - 3 potions of might
 i - 4 potions of lignification
 l - 2 potions of magic
 q - 8 potions of flight
 r - 8 potions of curing
 u - 5 potions of brilliance
 A - a potion of haste
 D - 3 potions of ambrosia
 E - a potion of invisibility
 P - a potion of berserk rage
 R - a potion of cancellation
Miscellaneous
 B - a tin of tremorstones (2/2)


   Skills:
 + Level 8.5 Fighting
 - Level 11.5 Long Blades
 + Level 20.6 Polearms
 + Level 8.7 Armour
 + Level 5.5 Dodging
 + Level 5.2 Stealth
 + Level 8.1 Shields


You had 15 spell levels left.
You didn't know any spells.
Your spell library contained the following spells:

 Spells                   Type           Power      Damage    Failure   Level
 Animate Skeleton         Necr           0%         N/A       75%         1
 Apportation              Tloc           0%         N/A       75%         1
 Foxfire                  Conj/Fire      0%         2x1d4     75%         1
 Freeze                   Ice            0%         1d3       75%         1
 Pain                     Necr           0%         1d4       75%         1
 Summon Small Mammal      Summ           0%         N/A       75%         1
 Call Canine Familiar     Summ           0%         N/A       97%         3
 Conjure Flame            Conj/Fire      0%         6-21      97%         3
 Frozen Ramparts          Ice            0%         1d2       97%         3
 Gell's Gravitas          Tloc           0%         N/A       97%         3
 Inner Flame              Hex/Fire       0%         N/A       97%         3
 Lesser Beckoning         Tloc           0%         N/A       97%         3
 Portal Projectile        Hex/Tloc       0%         N/A       97%         3
 Spider Form              Tmut/Pois      0%         N/A       97%         3
 Stone Arrow              Conj/Erth      0%         3d7       97%         3
 Teleport Other           Tloc           0%         N/A       97%         3
 Vampiric Draining        Necr           0%         2d6       97%         3
 Animate Armour           Summ/Erth      0%         N/A       100%        4
 Flame Wave               Conj/Fire      0%         2d4       100%        4
 Fulminant Prism          Conj/Hex       0%         3d6       100%        4
 Hailstorm                Conj/Ice       0%         3d3       100%        4
 Iskenderun's Mystic Bla  Conj/Tloc      0%         2d3       100%        4
 Leda's Liquefaction      Hex/Erth       0%         N/A       100%        4
 Agony                    Necr           0%         N/A       100%        5
 Excruciating Wounds      Necr           0%         N/A       100%        5
 Irradiate                Conj/Tmut      0%         3d14      100%        5
 Lee's Rapid Deconstruct  Erth           0%         3d5*      100%        5
 Summon Forest            Summ/Tloc      0%         N/A       100%        5
 Summon Mana Viper        Hex/Summ       0%         N/A       100%        5
 Dispersal                Tloc           0%         N/A       100%        6
 Summon Cactus Giant      Summ           0%         N/A       100%        6
 Storm Form               Tmut/Air       0%         N/A       100%        7
 Lehudib's Crystal Spear  Conj/Erth      0%         10d2      100%        8


Dungeon Overview and Level Annotations

Branches:
Dungeon (15/15)            Temple (1/1) D:5            Lair (6/6) D:10
 Shoals (1/4) Lair:2       Spider (0/4) Lair:3        Slime (1/5) Lair:5
    Orc (2/2) D:10            Elf (1/3) Orc:2        Vaults (0/5) D:14
 Depths (0/4) D:15           Hell (visited)         Ossuary (visited)
Gauntlet (visited)
    Dis: Hell:1         Geh: Hell:1         Coc: Hell:1         Tar: Hell:1

Altars:
Ashenzari
Cheibriados
Dithmenos
Elyvilon
Fedhas
Gozag
Hepliaklqana
Kikubaaqudgha
Makhleb
Nemelex Xobeh
Okawaru
Qazlal
Ru
Sif Muna
Trog
Uskayaw
Vehumet
Wu Jian
Xom
Yredelemnul
Zin
The Shining One
Beogh

Shops:
D:5 ?   D:8 ?   D:9 *   D:10 *:[[   D:11 [?*[   Orc:1 =   Orc:2 [*:(
Shoals:1 =

Portals:
Hell: Lair:6
Trove: D:15 (give horn of Geryon)

Annotations:
D:15 Rupert
Shoals:1 1 runed translucent door
Hell Geryon


Innate Abilities, Weirdness & Mutations

You have hoof-like feet.
You have a pair of large horns on your head.
A demonic guardian rushes to your aid.
A meltable icy envelope protects you from harm. (AC +4)
A meltable shield of frost defends you. (SH +4)
You have a small tail.
Your mind is acute. (Int +2)
You are frail. (-10% HP)
You are strong-willed. (Will+)
Your spells are a little harder to cast, but a little more powerful.


Message History

Aim: a merfolk, wielding a +0 trident and quivering boomerangs (heavily wounded, about 21% to evade the +9 lance "Wyrmbane")
You reach to attack!
You puncture the merfolk!
The merfolk is severely wounded.
The merfolk javelineer throws a javelin.
The javelin pierces through you!
* * * LOW HITPOINT WARNING * * *
The merfolk throws a boomerang.
You block the boomerang.
Reach: G) +9 lance "Wyrmbane" {slay drac, rPois rF+ rC+ AC+3}
Press: ? - help, Dir - move target, f/p - merfolk
Aim: a merfolk, wielding a +0 trident and quivering boomerangs (severely wounded, about 21% to evade the +9 lance "Wyrmbane")
You reach to attack!
You puncture the merfolk!
You kill the merfolk!
You hear a splash. x2
Splash!
You fall into the shallow water.
Moving in this stuff is going to be slow.
The merfolk javelineer throws a javelin.
The javelin pierces through you!
* * * LOW HITPOINT WARNING * * *
A demonic guardian appears!
Reach: G) +9 lance "Wyrmbane" {slay drac, rPois rF+ rC+ AC+3}
Press: ? - help, Dir - move target, f - merfolk javelineer
Aim: a merfolk javelineer, wielding a +1 vorpal spear, wearing a +0 leather armour and quivering javelins (ally target, about 21% to evade the +9 lance "Wyrmbane")
You reach to attack!
You hit the merfolk javelineer but do no damage.
The merfolk javelineer throws a javelin.
The javelin completely misses you.
Reach: G) +9 lance "Wyrmbane" {slay drac, rPois rF+ rC+ AC+3}
Press: ? - help, Dir - move target, f/p - merfolk javelineer
Aim: a merfolk javelineer, wielding a +1 vorpal spear, wearing a +0 leather armour and quivering javelins (ally target, about 21% to evade the +9 lance "Wyrmbane")
You reach to attack!
You impale the merfolk javelineer!!
The merfolk javelineer is moderately wounded.
The merfolk javelineer throws a javelin.
The javelin pierces through you!
* * * LOW HITPOINT WARNING * * *
You feel better.
The merfolk javelineer throws a javelin.
The javelin pierces through you!!
You die...
Your body crumbles into a pile of gold.

≈≈≈.........###...........###....
)≈≈≈...≈≈≈.## ##.........#...#...
.≈....≈≈≈≈.## #......[.#.....#..
.......≈≈≈≈.## #........#..∩..#.(
.......≈≈≈...# #........#...≈.#≈≈
..#....≈.≈≈..###.........#..≈#≈≈≈
.##......≈≈≈..#...........###≈≈≈≈
####.P...≈≈≈......4.........≈≈≈≈≈
..##..P≈.≈≈≈≈.≈.@)............≈≈≈
.....≈≈≈≈P≈≈≈≈≈≈≈≈............≈≈≈
.≈..P..≈≈≈≈≈≈≈≈$≈≈m...........≈≈≈
...P≈...≈≈≈≈≈≈≈≈≈≈≈....≈...≈≈≈≈≈≈
....P.....≈≈≈≈≈≈≈≈≈≈≈≈≈≈≈≈≈≈≈≈≈≈≈
..≈≈≈PP....≈P≈≈≈≈≈≈≈≈≈≈≈≈≈≈≈≈≈≈≈≈
..≈≈.####.P≈≈≈≈≈≈≈≈≈≈≈≈≈≈≈≈≈≈≈≈≈≈
..≈.## ##P..≈≈≈≈≈≈≈≈≈≈≈≈≈≈≈≈≈≈≈≈
....## ####..≈≈≈≈≈≈≈≈≈≈≈≈≈≈≈≈≈≈


You could see a merfolk javelineer (ally target) and a friendly orange demon
(summoned).

Vanquished Creatures
  Jorgrun (D:14)
  4 krakens (Shoals:1)
  A tengu reaver (D:13)
  Aizul (Shoals:1)
  Louise (D:15)
  A quicksilver ooze (Slime:1)
  Nessos (D:15)
  A minotaur (Gauntlet)
  4 dire elephants
  Snorg (Lair:3)
  2 ettins
  A merfolk javelineer (Shoals:1)
  A fire dragon (D:13)
  2 merfolk impalers (Shoals:1)
  Josephine (D:13)
  2 boulder beetles
  3 hydras
  Fannar (Orc:1)
  A catoblepas (D:13)
  2 merfolk aquamancers (Shoals:1)
  7 centaur warriors
  A death knight (D:13)
  An ogre mage (D:15)
  6 two-headed ogres
  Urug (Orc:2)
  5 death yaks (Lair:6)
  An orc high priest (Orc:2)
  Nergalle (D:12)
  A sun demon (Lair:6)
  An iron troll (D:14)
  3 sea snakes (Shoals:1)
  2 wizards
  A necromancer (D:15)
  2 lindwurms
  5 orc knights
  5 harpies (Shoals:1)
  4 deep elf zephyrmancers (Orc:2)
  6 deep elf pyromancers
  5 manticores
  4 orc sorcerers
  7 cyclopes
  11 ugly things
  19 elephants
  2 merfolk sirens (Shoals:1)
  2 water nymphs (Shoals:1)
  A guardian serpent (shapeshifter) (D:14)
  5 black mambas
  An elephant (shapeshifter) (D:13)
  Joseph (D:9)
  An eye of devastation (Slime:1)
  A naga mage (D:15)
  2 gargoyles
  Maggie (D:8)
  11 cane toads
  3 orange demons (Lair:6)
  A centaur skeleton (D:15)
  A kobold demonologist (D:9)
  7 komodo dragons
  A yaktaur (D:15)
  6 rime drakes
  3 ice devils
  A hellwing (Lair:6)
  A red devil (Lair:6)
  3 trolls
  A wind drake (Shoals:1)
  4 meliai
  13 merfolk (Shoals:1)
  4 polar bears
  27 slime creatures
  A meliai zombie (D:15)
  17 blink frogs
  A harpy skeleton (D:15)
  An air elemental (Orc:2)
  2 jumping spiders (Lair:3)
  A centaur simulacrum (D:14)
  2 shadows
  3 culicivoras (Lair:3)
  4 wraiths
  5 wyverns
  A water elemental (Shoals:1)
  7 basilisks
  2 humans (D:9)
  53 yaks
  A steam dragon (D:7)
  7 vampire mosquitoes
  3 redbacks (Lair:3)
  4 wargs
  17 water moccasins
  5 acid dragons
  4 hell hounds (Lair:6)
  An ice beast (D:8)
  A hornet zombie (D:8)
  3 black bears
  3 necrophages
  20 orc warriors
  15 ogres
  5 wolves (Lair:5)
  8 centaurs
  3 elf zombies (Ossuary)
  3 kobold brigands
  9 bullfrogs
  A gnoll sergeant (D:9)
  5 scorpions
  A wyvern skeleton (D:7)
  A wyvern zombie (D:8)
  A water moccasin zombie (D:5)
  21 killer bees
  8 wights
  7 howler monkeys
  5 electric eels
  6 centaur zombies
  3 hounds (D:5)
  2 human zombies (Ossuary)
  A jelly (D:6)
  12 orc priests
  A bullfrog zombie (D:5)
  A gnoll shaman (D:6)
  Crazy Yiuf (D:6)
  2 bullfrog skeletons
  Jessica (D:3)
  2 iguanas
  14 orc wizards
  A hell rat (Hell)
  2 hound skeletons
  2 mummies
  11 gnolls
  A howler monkey zombie (D:6)
  8 adders
  A shadow imp (D:8)
  An adder skeleton (D:4)
  3 worms
  5 dart slugs
  61 orcs
  7 ball pythons
  5 endoplasms
  2 giant cockroaches
  8 goblins
  10 hobgoblins
  2 quokkas
  14 bats
  3 frilled lizards
  12 kobolds
  7 rats
  18 tentacles (Shoals:1)
727 creatures vanquished.

Vanquished Creatures (collateral kills)
  Saint Roka (Orc:2)
  A kraken (Shoals:1)
  3 hydras
  A catoblepas (Lair:6)
  A merfolk aquamancer (Shoals:1)
  An orc knight (Orc:2)
  A deep elf pyromancer (Orc:2)
  A deep elf zephyrmancer (Orc:2)
  An elephant (Lair:6)
  2 merfolk (Shoals:1)
  4 orc warriors (Orc:2)
  4 human zombies (Ossuary)
  An orc wizard (Orc:2)
  2 mummies (Ossuary)
24 creatures vanquished.

Vanquished Creatures (others)
  21 fungi (Lair:6)
  26 plants
  40 tentacles (Shoals:1)
87 creatures vanquished.

Grand Total: 838 creatures vanquished

Notes
Turn   | Place    | Note
-------+----------+-------------------------------------------
     0 | D:1      | purpskrrrp the Demonspawn Fighter began the quest for the
                  | Orb.
     0 | D:1      | Reached XP level 1. HP: 18/18 MP: 1/1
    81 | D:1      | Discovered your monstrous ancestry.
    81 | D:1      | Gained mutation: You have a pair of small horns on your
                  | head. [demonic ancestry]
    81 | D:1      | Reached XP level 2. HP: 11/24 MP: 2/2
  1179 | D:2      | Gained mutation: You have large cloven feet. [demonic
                  | ancestry]
  1179 | D:2      | Reached XP level 3. HP: 29/29 MP: 3/3
  1441 | D:2      | Identified the +0 ring mail "Vagrur" {Int+3 Slay+3}
  2222 | D:3      | Noticed Jessica
  2226 | D:3      | Killed Jessica
  2227 | D:3      | Reached XP level 4. HP: 35/35 MP: 4/4
  2732 | D:3      | Noticed a +0 spear
  2732 | D:3      | Noticed a +0 falchion
  2732 | D:3      | Noticed a +0 dagger
  2734 | D:3      | Noticed a +0 falchion
  2734 | D:3      | Noticed a +0 short sword
  2735 | D:3      | Noticed a +0 dagger
  2735 | D:3      | Noticed a +0 short sword
  2736 | D:3      | Noticed a +0 spear
  2754 | D:3      | Found a hide-covered altar of Uskayaw.
  2787 | D:3      | Found a faded altar of an unknown god.
  2804 | D:3      | Noticed a necrophage
  2814 | D:3      | Killed a necrophage
  2815 | D:3      | Gained mutation: A weak demonic guardian rushes to your
                  | aid. [demonic ancestry]
  2815 | D:3      | Reached XP level 5. HP: 34/41 MP: 5/5
  3100 | D:3      | Reached XP level 6. HP: 40/47 MP: 6/6
  3604 | D:4      | Found a sparkling altar of Nemelex Xobeh.
  3712 | D:4      | Reached skill level 1 in Dodging
  3769 | D:4      | Reached skill level 5 in Long Blades
  3769 | D:4      | Reached XP level 7. HP: 46/53 MP: 7/7
  3981 | D:4      | Identified a scroll of acquirement
  3981 | D:4      | Acquired the amulet of the Thistle {Acrobat Dex+4 Slay+3}
  4338 | D:5      | Entered Level 5 of the Dungeon
  4357 | D:5      | Found a staircase to the Ecumenical Temple.
  4405 | D:5      | Found Howuorou's Magic Scroll Shoppe.
  4406 | D:5      | Acquired 822 gold pieces
  4416 | Temple   | Entered the Ecumenical Temple
  4658 | Temple   | Became a worshipper of Gozag Ym Sagoz the Greedy
  4715 | D:5      | Bought a scroll of acquirement for 676 gold pieces
  4715 | D:5      | Acquired the ring "Plog" {rF+ Str+6 Slay+5}
  4721 | D:5      | Bought 2 scrolls of identify for 52 gold pieces
  4721 | D:5      | Bought a scroll of identify for 26 gold pieces
  4721 | D:5      | Bought a scroll of teleportation for 39 gold pieces
  4879 | D:5      | Gained mutation: A demonic guardian rushes to your aid.
                  | [demonic ancestry]
  4879 | D:5      | Reached XP level 8. HP: 60/60 MP: 8/8
  5319 | D:6      | Reached skill level 5 in Armour
  5391 | D:6      | Reached skill level 1 in Stealth
  5703 | D:6      | Found a runed translucent door.
  5704 | D:6      | Noticed Crazy Yiuf
  5727 | D:6      | Gained mutation: A meltable shield of frost defends you.
                  | (SH +4) [demonic ancestry]
  5727 | D:6      | Reached XP level 9. HP: 66/66 MP: 9/9
  5926 | D:6      | Killed Crazy Yiuf
  6143 | D:7      | Found a sand-covered staircase.
  6149 | Ossuary  | Entered an ossuary
  6522 | Ossuary  | Reached skill level 5 in Fighting
  7144 | D:8      | Reached skill level 10 in Long Blades
  7178 | D:8      | Noticed Maggie
  7183 | D:8      | Killed Maggie
  7184 | D:8      | Gained mutation: You have hoof-like feet. [demonic
                  | ancestry]
  7184 | D:8      | Reached XP level 10. HP: 66/74 MP: 10/10
  7280 | D:8      | Found Verghoh's Magic Scroll Boutique.
  7283 | D:8      | Bought a scroll of identify for 28 gold pieces
  7283 | D:8      | Bought a scroll of identify for 28 gold pieces
  7283 | D:8      | Bought a scroll of identify for 28 gold pieces
  7283 | D:8      | Bought a scroll of identify for 28 gold pieces
  7675 | D:8      | Noticed a two-headed ogre
  7682 | D:8      | Killed a two-headed ogre
  8105 | D:9      | Found a shadowy altar of Dithmenos.
  8444 | D:9      | Noticed Joseph
  8455 | D:9      | Killed Joseph
  8562 | D:9      | Noticed a rust devil
  8694 | D:9      | Found Raot's Assorted Antiques.
  8702 | D:9      | Bought a scroll of identify for 60 gold pieces
  8702 | D:9      | Bought a scroll of identify for 60 gold pieces
  8702 | D:9      | Bought a scroll labelled BIDONU BUMYGGERO for 30 gold
                  | pieces
  8702 | D:9      | Bought a scroll of identify for 60 gold pieces
  9020 | D:9      | Found the +8 lance "Wyrmbane" {slay drac, rPois rF+ rC+
                  | AC+3}
  9039 | D:9      | Gained mutation: You have a pair of horns on your head.
                  | [demonic ancestry]
  9039 | D:9      | Reached XP level 11. HP: 81/81 MP: 11/11
  9069 | D:9      | Identified the +9 dagger "Ufae" {flame, rPois rF+++ Will+
                  | Int-5}
  9146 | D:9      | Reached skill level 1 in Polearms
  9185 | D:9      | Found an iron altar of Okawaru.
  9533 | D:9      | Reached skill level 2 in Polearms
  9563 | D:9      | Found a burning altar of Makhleb.
  9563 | D:9      | Noticed an Executioner
  9657 | D:10     | Entered Level 10 of the Dungeon
  9877 | D:10     | Reached skill level 3 in Polearms
 10072 | D:10     | Found a shimmering blue altar of Sif Muna.
 10100 | D:10     | Reached skill level 4 in Polearms
 10210 | D:10     | Found a staircase to the Orcish Mines.
 10222 | D:10     | Noticed a two-headed ogre
 10227 | D:10     | Killed a two-headed ogre
 10240 | D:10     | Reached skill level 5 in Polearms
 10407 | D:10     | Found a shimmering altar of Xom.
 10427 | D:10     | Gained mutation: Your body sometimes deteriorates upon
                  | taking damage. [potion of mutation]
 10427 | D:10     | Gained mutation: You are clumsy. (Dex -2) [potion of
                  | mutation]
 10428 | D:10     | Lost mutation: You are clumsy. (Dex -2) [potion of
                  | mutation]
 10428 | D:10     | Lost mutation: Your body sometimes deteriorates upon taking
                  | damage. [potion of mutation]
 10428 | D:10     | Gained mutation: You are robust. (+10% HP) [potion of
                  | mutation]
 10428 | D:10     | Gained mutation: Your system is resistant to poisons.
                  | (rPois) [potion of mutation]
 10429 | D:10     | Lost mutation: You are robust. (+10% HP) [potion of
                  | mutation]
 10429 | D:10     | Lost mutation: Your system is resistant to poisons. (rPois)
                  | [potion of mutation]
 10429 | D:10     | Gained mutation: You have hidden genetic defects. [potion
                  | of mutation]
 10429 | D:10     | Gained mutation: Armour fits poorly on your strangely
                  | shaped body. [potion of mutation]
 10429 | D:10     | Gained mutation: You expend magic power (3 MP) to
                  | strengthen your wands. [potion of mutation]
 10430 | D:10     | Lost mutation: You expend magic power (3 MP) to strengthen
                  | your wands. [potion of mutation]
 10430 | D:10     | Lost mutation: Armour fits poorly on your strangely shaped
                  | body. [potion of mutation]
 10430 | D:10     | Lost mutation: You have hidden genetic defects. [potion of
                  | mutation]
 10430 | D:10     | Gained mutation: Your magical capacity is low. (-10% MP)
                  | [potion of mutation]
 10430 | D:10     | Gained mutation: Your movements are slightly less
                  | encumbered by armour. (ER -2) [potion of mutation]
 10431 | D:10     | Lost mutation: Your magical capacity is low. (-10% MP)
                  | [potion of mutation]
 10431 | D:10     | Lost mutation: Your movements are slightly less encumbered
                  | by armour. (ER -2) [potion of mutation]
 10431 | D:10     | Gained mutation: You are frail. (-10% HP) [potion of
                  | mutation]
 10431 | D:10     | Gained mutation: You are very frail. (-20% HP) [potion of
                  | mutation]
 10431 | D:10     | Gained mutation: You have hooves in place of feet. [potion
                  | of mutation]
 10431 | D:10     | Gained mutation: Your flesh is cold resistant. (rC+)
                  | [potion of mutation]
 10432 | D:10     | Lost mutation: Your flesh is cold resistant. (rC+) [potion
                  | of mutation]
 10432 | D:10     | Lost mutation: You have hooves in place of feet. [potion of
                  | mutation]
 10432 | D:10     | Gained mutation: Your flesh is heat resistant. (rF+)
                  | [potion of mutation]
 10432 | D:10     | Gained mutation: You are strong-willed. (Will+) [potion of
                  | mutation]
 10432 | D:10     | Gained mutation: Your mind is acute. (Int +2) [potion of
                  | mutation]
 10433 | D:10     | Lost mutation: You are very frail. (-20% HP) [potion of
                  | mutation]
 10433 | D:10     | Lost mutation: Your flesh is heat resistant. (rF+) [potion
                  | of mutation]
 10433 | D:10     | Gained mutation: Your spells are a little harder to cast,
                  | but a little more powerful. [potion of mutation]
 10559 | D:10     | Noticed a deep elf pyromancer
 10559 | D:10     | Noticed a green ugly thing
 10565 | D:10     | Killed a deep elf pyromancer
 10570 | D:10     | Killed a green ugly thing
 10571 | D:10     | Reached skill level 6 in Polearms
 10724 | D:10     | Noticed a six-headed hydra
 10731 | D:10     | Killed a six-headed hydra
 10732 | D:10     | Reached skill level 7 in Polearms
 10881 | D:10     | Found a staircase to the Lair.
 10974 | D:10     | Bought a scroll of enchant armour for 210 gold pieces
 10974 | D:10     | Bought a scroll of identify for 56 gold pieces
 10974 | D:10     | Bought a scroll of identify for 56 gold pieces
 11110 | D:11     | Found Ebikug's Armour Shoppe.
 11134 | D:11     | Reached skill level 8 in Polearms
 11230 | D:11     | Found Waerut's Magic Scroll Shoppe.
 11266 | D:11     | Bought a scroll of enchant armour for 127 gold pieces
 11354 | D:11     | Identified the +0 robe "Voussecwa" {rF+}
 11367 | D:11     | Found Urry's Antique Armour Emporium.
 11370 | D:11     | Bought a turquoise-encrusted ring mail for 279 gold pieces
 11370 | D:11     | Identified the +1 ring mail of Experimentation {Drain
                  | Regen+ Str+4 Dex+7} (You bought it in a shop on level 11 of
                  | the Dungeon)
 11528 | D:11     | Reached skill level 9 in Polearms
 11537 | D:11     | Reached XP level 12. HP: 70/79 MP: 12/12
 11582 | D:11     | Found Rumoilas's General Store.
 11696 | D:11     | Found Vumythixibb's Antique Weapon Emporium.
 12161 | D:12     | Reached skill level 10 in Polearms
 12328 | D:12     | Noticed a two-headed ogre
 12334 | D:12     | Killed a two-headed ogre
 12334 | D:12     | Noticed Nergalle
 12348 | D:12     | Killed Nergalle
 12629 | D:12     | Noticed a centaur warrior
 12638 | D:12     | Killed a centaur warrior
 12639 | D:12     | Reached skill level 11 in Polearms
 13071 | D:13     | Noticed a centaur warrior
 13077 | D:13     | Killed a centaur warrior
 13268 | D:13     | Noticed a death knight
 13276 | D:13     | Killed a death knight
 13277 | D:13     | Reached skill level 12 in Polearms
 13304 | D:13     | Noticed a centaur warrior
 13310 | D:13     | Killed a centaur warrior
 13326 | D:13     | Noticed an ettin
 13329 | D:13     | Noticed a tengu reaver
 13334 | D:13     | Killed an ettin
 13341 | D:13     | Killed a tengu reaver
 13349 | D:13     | Noticed a fire dragon
 13360 | D:13     | Noticed a centaur warrior
 13366 | D:13     | Killed a centaur warrior
 13367 | D:13     | Reached skill level 13 in Polearms
 13419 | D:13     | Noticed a catoblepas
 13569 | D:13     | Gained mutation: You have a pair of large horns on your
                  | head. [demonic ancestry]
 13569 | D:13     | Reached XP level 13. HP: 83/83 MP: 13/13
 13725 | D:13     | Killed a fire dragon
 13822 | D:13     | Noticed Josephine
 13831 | D:13     | Killed Josephine
 14147 | D:13     | Reached skill level 14 in Polearms
 14821 | Lair:1   | Entered Level 1 of the Lair of Beasts
 15298 | Lair:1   | Reached skill level 15 in Polearms
 15745 | Lair:2   | Found a staircase to the Shoals.
 16519 | Lair:3   | Noticed Snorg
 16528 | Lair:3   | Killed Snorg
 16602 | Lair:3   | Reached skill level 16 in Polearms
 16710 | Lair:3   | Found a hole to the Spider Nest.
 17385 | Lair:4   | Gained mutation: You have a small tail. [demonic ancestry]
 17385 | Lair:4   | Reached XP level 14. HP: 90/90 MP: 14/14
 17436 | Lair:4   | Found a gate leading to a gauntlet.
 17448 | Gauntlet | Entered a Gauntlet
 17448 | Gauntlet | Found a transporter.
 17451 | Gauntlet | Found a transporter.
 17452 | Gauntlet | Found a transporter.
 17454 | Gauntlet | Noticed a cacodemon
 17469 | Gauntlet | Found a transporter.
 17479 | Gauntlet | Found a transporter.
 17498 | Gauntlet | Found a runed translucent gate.
 17499 | Gauntlet | Found a transporter.
 17499 | Gauntlet | Found a runed translucent gate.
 17500 | Gauntlet | Found a runed translucent gate.
 17512 | Gauntlet | Found a transporter.
 17532 | Gauntlet | Found a transporter.
 17536 | Gauntlet | Found a transporter.
 17540 | Gauntlet | Noticed a quicksilver ooze
 17544 | Gauntlet | Found a transporter.
 17571 | Gauntlet | Found a transporter.
 17571 | Gauntlet | Found a transporter.
 17675 | Gauntlet | Acquired the +0 pair of gloves of Absence {Will++}
 17719 | Gauntlet | Identified the +0 cloak "Xoqemu" {rC+}
 17815 | Gauntlet | Identified the amulet of Waxy {Faith Int+2}
 17819 | Gauntlet | Got the Grimoire of Transformation
 17823 | Gauntlet | Identified the +2 executioner's axe of Eji Ynus {flame,
                  | rF++ rCorr Str+4 Stlth-}
 18245 | Lair:4   | Identified the ring of Urchefoz {+Blink Dex+6}
 18445 | Lair:5   | Reached skill level 17 in Polearms
 18687 | Lair:5   | You fall into a shaft and drop 1 floor!
 18687 | Lair:6   | Entered Level 6 of the Lair of Beasts
 18748 | Lair:6   | HP: 1/90 [six-headed hydra (7)]
 19237 | Lair:6   | Reached skill level 18 in Polearms
 20310 | Lair:6   | Found a burning altar of Makhleb.
 20506 | Lair:6   | Found a gateway to Hell.
 20513 | Lair:6   | Identified the amulet "Mot Coli" {Spirit rElec rPois
                  | Stlth-}
 20883 | Lair:6   | Reached skill level 19 in Polearms
 21088 | Hell     | Entered the Vestibule of Hell
 21088 | Hell     | Noticed Geryon
 21088 | Hell     | Noticed a reaper
 21471 | Lair:5   | Reached XP level 15. HP: 94/94 MP: 15/15
 21684 | Lair:5   | Found a staircase to the Slime Pits.
 22088 | Slime:1  | Entered Level 1 of the Pits of Slime
 22719 | Orc:1    | Entered Level 1 of the Orcish Mines
 22740 | Orc:1    | Noticed Fannar
 22760 | Orc:1    | Killed Fannar
 22908 | Orc:1    | Found Unustit's Jewellery Emporium.
 23340 | Orc:2    | Entered Level 2 of the Orcish Mines
 23718 | Orc:2    | Found a staircase to the Elven Halls.
 23760 | Orc:2    | Reached skill level 20 in Polearms
 23850 | Orc:2    | Reached skill level 5 in Shields
 24051 | Orc:2    | Noticed Saint Roka
 24092 | Orc:2    | Killed Saint Roka
 24358 | Orc:2    | Found Cethrimao's Antique Weapon Shoppe.
 24572 | Orc:2    | Found Hudwejev's General Store.
 24658 | Orc:2    | Noticed Urug
 24667 | Orc:2    | Killed Urug
 24689 | Orc:2    | Found Bivameha's Book Shoppe.
 24714 | Orc:2    | Found Etieg's Antique Armour Shoppe.
 24895 | Orc:2    | Bought a manual of Armour for 1200 gold pieces
 25104 | Elf:1    | Entered Level 1 of the Elven Halls
 25107 | Elf:1    | Paralysed by an air elemental for 1 turns
 25111 | Orc:2    | Paralysed by an air elemental for 1 turns
 25795 | D:14     | Noticed Jorgrun
 25807 | D:14     | Killed Jorgrun
 26183 | D:14     | Found a gate to the Vaults.
 26326 | D:15     | Entered Level 15 of the Dungeon
 26385 | D:15     | Noticed Nessos
 26416 | D:15     | Killed Nessos
 26538 | D:15     | Noticed Louise
 26584 | D:15     | Killed Louise
 26648 | D:15     | Found a staircase to the Depths.
 26706 | D:15     | Gained mutation: A meltable icy envelope protects you from
                  | harm. (AC +4) [demonic ancestry]
 26706 | D:15     | Reached XP level 16. HP: 103/103 MP: 16/16
 26841 | D:15     | Noticed Rupert
 26870 | D:15     | HP: 4/103 [something (18)]
 27336 | D:15     | Found a portal to a secret trove of treasure.
 27786 | Shoals:1 | Entered Level 1 of the Shoals
 28042 | Shoals:1 | Noticed Aizul
 28058 | Shoals:1 | Killed Aizul
 28059 | Shoals:1 | Reached skill level 5 in Dodging
 28388 | Shoals:1 | Found Zuhu's One-of-a-Kind Rings.
 28396 | Shoals:1 | Bought the ring of Leaves {rCorr AC+4 Str-5 Slay+2} for 651
                  | gold pieces
 28400 | Shoals:1 | Noticed a kraken
 28424 | Shoals:1 | Killed a kraken
 28425 | Shoals:1 | Reached skill level 5 in Stealth
 28507 | Shoals:1 | Noticed a kraken
 28527 | Shoals:1 | Killed a kraken
 28817 | Shoals:1 | Noticed a kraken
 29266 | Shoals:1 | Killed a kraken
 29524 | Shoals:1 | Found a runed translucent door.
 29535 | Shoals:1 | Noticed a kraken
 29558 | Shoals:1 | Killed a kraken
 29562 | Shoals:1 | Noticed a kraken
 29980 | Shoals:1 | Killed a kraken
 30057 | Shoals:1 | HP: 5/106 [merfolk javelineer/javelin (12)]
 30058 | Shoals:1 | Hit by a javelin thrown by a merfolk javelineer

Illustrated notes

Levels and vault maps discovered:
D:1:      eino_arrival_cavern_b, layout_loops_ring, st_stairs_12
D:2:      layout_loops_corners, ebering_dispersal_statue_hall
D:3:      layout_loops_cross, nicolae_uskayaw_en_pointe,
          hellmonk_ecumenical_altar_pennies_from_heaven,
          nicolae_concentric_dashed_squares_mild, hangedman_decor_growths,
          minmay_fountain_box, uniq_jessica
D:4:      layout_cave_pools, pf_just_have_faith, minmay_misc_feat_encased
D:5:      layout_basic, minmay_temple_entry_stoned_glass, serial_shops,
          nicolae_shop_waterfront
D:6:      minmay_spotlight, layout_cave_pools, grunt_ministairs_3,
          uniq_crazy_yiuf_cottage
D:7:      layout_rooms, gup_ossuary_entry_pyramid,
          nicolae_elevator_lobby_asterisk
D:8:      layout_cave_pods, serial_shops, nicolae_shop_behind_doors, uniq_maggie
D:9:      layout_long_grid, mainiacjoe_overflow_paths, okawaru_humans,
          makhleb_altar_promises_db, serial_shops, nicolae_shop_waterfront,
          uniq_joseph
D:10:     layout_loops_cross, mainiacjoe_overflow_alcove_2,
          general_overflow_altar, lair_entry_dummy, orc_0_dummy,
          minmay_shattered_shrine
D:11:     layout_roguey, serial_shops, kennysheep_mini, nicolae_shop_crystal,
          nicolae_shop_stone, nicolae_shop_stone, nicolae_stop_n_shop_2
D:12:     wander_river, layout_loops_corners, uniq_nergalle
D:13:     nzn_winding_woodlands_cross [nzn_winding_woodlands_5x15_garden,
          nzn_winding_woodlands_5x15_river_crossing,
          nzn_winding_woodlands_5x15_cabin, nzn_winding_woodlands_5x15_pool,
          nzn_winding_woodlands_15x15_thick_spiral], layout_gridville,
          portal_ice_cave_demonic_guard, uniq_josephine
D:14:     layout_big_octagon, david_vaults_4, uniq_jorgrun
D:15:     grunt_enter_depths_magical_seal, layout_basic,
          chequers_serial_rivers_room_a, trove_entry_hex_spiral, uniq_rupert,
          uniq_louise, uniq_nessos
Temple:   regret_index_temple_generic_petals
Lair:1:   layout_roguey, grunt_megastairs_3, infiniplex_staircase_pool_2
Lair:2:   layout_loops_ring, elwin_shoals_entry_rocks
Lair:3:   statuecave_lemuel, layout_cave_shapes,
          nicolae_spider_entry_tight_spaces, chequers_serial_rivers_micro_a,
          infiniplex_staircase_pool, uniq_snorg
Lair:4:   layout_cave_shapes, gauntlet_entry_generic
Lair:5:   layout_small_grid, minmay_slime_entry_pillars
Lair:6:   evil_forest, layout_gridlike, lightli_volcano_entry_magma_tube,
          grunt_megastairs_4
Shoals:1: nicolae_shoals_lighthouse, layout_shoals, nicolae_shop_unique_rings,
          uniq_aizul
Slime:1:  layout_caves
Orc:1:    layout_caves, serial_shops, nicolae_shop_hallway_stairs, uniq_fannar
Orc:2:    grunt_orc_cross, layout_caves, elves_outpost_lemuel, uniq_urug
Elf:1:    nicolae_elf_arrival_aired_out, layout_loops_corners, orc_legates,
          uniq_azrael, uniq_donald, uniq_kirke
Hell

Skill      XL: |  1  2  3  4  5  6  7  8  9 10 11 12 13 14 15 16 |
---------------+-------------------------------------------------+-----
Armour         | 3 4 5 6 7 8 |  8.7
Long Blades    | 2 3 4 5 6 8 10 11 | 11.5
Shields        | 3 4 6 8 |  8.1
Dodging        | 1 2 3 4 5 |  5.5
Fighting       | 4 5 6 7 8 |  8.5
Stealth        | 1 2 4 5 |  5.2
Polearms       | 9 13 16 19 20 | 20.6

Action                   |  1- 3 |  4- 6 |  7- 9 | 10-12 | 13-15 | 16-18 || total
-------------------------+-------+-------+-------+-------+-------+-------++-------
Melee: Long sword        |   108 |   100 |   163 |    92 |       |       ||   463
       Headbutt          |     8 |    16 |    35 |    82 |   228 |    52 ||   421
       Kick              |     4 |    27 |    60 |    61 |       |       ||   152
       Lance             |       |       |       |   318 |  1047 |   269 ||  1634
       Falchion          |       |       |       |     1 |       |       ||     1
       Tailslap          |       |       |       |       |   111 |    38 ||   149
Invok: Call Merchant     |       |       |       |     1 |     3 |       ||     4
Evoke: Wand              |       |       |       |       |    20 |     5 ||    25
  Use: Scroll            |     1 |       |    14 |    16 |     9 |     2 ||    42
       Potion            |       |     1 |       |    10 |    13 |     4 ||    28
 Stab: Sleeping          |       |       |     1 |     1 |    10 |     2 ||    14
       Distracted        |       |       |     1 |     3 |    14 |     5 ||    23
       Petrifying        |       |       |       |       |     1 |       ||     1
       Invisible         |       |       |       |       |     4 |       ||     4
Armor: Scale mail        |    50 |       |       |       |       |       ||    50
       Ring mail         |     7 |    28 |    24 |    33 |   134 |    62 ||   288
Dodge: Dodged            |    51 |    43 |    99 |   134 |   205 |    77 ||   609
Block: Buckler           |    30 |    23 |    60 |   116 |    78 |       ||   307
       Kite shield       |       |       |       |       |   319 |   200 ||   519
